MLB
ST. LOUIS CARDINALS @ PHILADELPHIA PHILLIES
09/05/2045
 
TOP OF THE 1ST
St. Louis Cardinals batting - Pitching for Philadelphia Phillies : LHP Marko Emchenko
Pitching: LHP Marko Emchenko
Batting: RHB Rick O'Reilly 0-0: Foul Ball, location: 2F
0-1: Ball
1-1: Ball
2-1: Swinging Strike
2-2: Ball
3-2: Foul Ball, location: 2F
3-2: Fly out, F7 (Flyball, 7LM, EV 95.0 MPH)
Batting: RHB Tenshou Takita 0-0: SINGLE (Groundball, 6MS, EV 65.0 MPH) (infield hit)
Batting: SHB Antoine Roux 0-0: Ball
Tenshou Takita is caught stealing 2nd base 2-4
1-0: Ball
2-0: Called Strike
2-1: Foul Ball, location: 2F
2-2: Ball
3-2: Ground out 5-3 (Groundball, 56S, EV 68.1 MPH)
Top of the 1st over - 0 runs, 1 hit, 0 errors, 0 left on base; St. Louis 0 - Philadelphia 0
BOTTOM OF THE 1ST
Philadelphia Phillies batting - Pitching for St. Louis Cardinals : LHP Nate Crow
Pitching: LHP Nate Crow
Batting: SHB Billy Encinias 0-0: Ball
1-0: Swinging Strike
1-1: Ball
2-1: Fly out, F8 (Flyball, 8RD, EV 98.1 MPH)
Batting: LHB Nick Canizales 0-0: Ball
1-0: Fly out, F8 (Line Drive, 8RM, EV 96.9 MPH)
Batting: RHB Josh Froyd 0-0: Ball
1-0: Ground out 6-3 (Groundball, 6, EV 82.5 MPH)
Bottom of the 1st over - 0 runs, 0 hits, 0 errors, 0 left on base; St. Louis 0 - Philadelphia 0
TOP OF THE 2ND
St. Louis Cardinals batting - Pitching for Philadelphia Phillies : LHP Marko Emchenko
Batting: RHB Eric Chotkowski 0-0: Ball
1-0: Ball
2-0: DOUBLE (Flyball, 8LXD, EV 94.4 MPH)
Batting: SHB Hans Mikkelsen 0-0: Ground out 6-3 (Groundball, 6, EV 86.9 MPH)
Eric Chotkowski to third
Batting: RHB Pavpv Ivanushkin 0-0: Swinging Strike
0-1: Ball
1-1: Called Strike
1-2: Strikes out swinging
Batting: LHB Tom Butterbaugh 0-0: Ball
1-0: Swinging Strike
1-1: Swinging Strike
1-2: Ball
2-2: Ground out 5-3 (Groundball, 6, EV 89.4 MPH)
Top of the 2nd over - 0 runs, 1 hit, 0 errors, 1 left on base; St. Louis 0 - Philadelphia 0
BOTTOM OF THE 2ND
Philadelphia Phillies batting - Pitching for St. Louis Cardinals : LHP Nate Crow
Batting: LHB Eric Katz 0-0: Called Strike
0-1: Reached on error, E4 (Groundball, 4S, EV 86.2 MPH)
Batting: RHB Melchor Sovrivilla 0-0: Ball
1-0: Ball
2-0: Ball
3-0: Called Strike
3-1: Swinging Strike
3-2: Fly out, F8 (Flyball, 8RD, EV 103.1 MPH)
Batting: LHB Alberto Figueroa 0-0: Called Strike
0-1: Ball
1-1: Called Strike
1-2: Fly out, F9 (Line Drive, 9D, EV 95.0 MPH)
Batting: RHB Quintin Parker 0-0: Called Strike
0-1: Ball
Pickoff Throw to First - Error! E1
Eric Katz to second
1-1: Swinging Strike
1-2: Ball
2-2: Ball
3-2: Foul Ball, location: 2F
3-2: Foul Ball, location: 2F
3-2: Strikes out looking
Bottom of the 2nd over - 0 runs, 0 hits, 2 errors, 1 left on base; St. Louis 0 - Philadelphia 0
TOP OF THE 3RD
St. Louis Cardinals batting - Pitching for Philadelphia Phillies : LHP Marko Emchenko
Batting: RHB Dustin Clark 0-0: Ball
1-0: Hit by Pitch
Batting: RHB Sergio Godinez 0-0: Ball
1-0: Fly out, F9 (Flyball, 9S, EV 91.9 MPH)
Batting: RHB Rick O'Reilly 0-0: Ball
1-0: Called Strike
1-1: Ball
2-1: Swinging Strike
2-2: Ball
3-2: Foul Ball, location: 2F
3-2: Fielders Choice at 2nd, 3-6 (Groundball, 3S, EV 88.1 MPH)
Batting: RHB Tenshou Takita 0-0: Fly out, F8 (Flyball, 8LXD, EV 90.6 MPH)
Top of the 3rd over - 0 runs, 0 hits, 0 errors, 1 left on base; St. Louis 0 - Philadelphia 0
BOTTOM OF THE 3RD
Philadelphia Phillies batting - Pitching for St. Louis Cardinals : LHP Nate Crow
Batting: RHB Raul de la Cruz 0-0: Swinging Strike
0-1: Swinging Strike
0-2: Ball
1-2: Ball
2-2: Strikes out swinging
Batting: RHB Matt Sanders 0-0: Foul Ball, location: 2F
0-1: Ball
1-1: Ball
2-1: Fly out, F6 (Flyball, 56D, EV 75.6 MPH)
Batting: SHB Billy Encinias 0-0: Called Strike
0-1: Called Strike
0-2: Ball
1-2: Ground out 5-3 (Groundball, 56S, EV 80.0 MPH)
Bottom of the 3rd over - 0 runs, 0 hits, 0 errors, 0 left on base; St. Louis 0 - Philadelphia 0
TOP OF THE 4TH
St. Louis Cardinals batting - Pitching for Philadelphia Phillies : LHP Marko Emchenko
Batting: SHB Antoine Roux 0-0: Ball
1-0: Ball
2-0: Called Strike
2-1: Foul Ball, location: 2F
2-2: SOLO HOME RUN (Flyball, 8LXD, EV 116.2 MPH), Distance : 454 ft
Batting: RHB Eric Chotkowski 0-0: Ground out 3-1 (Groundball, 34, EV 81.9 MPH)
Batting: SHB Hans Mikkelsen 0-0: Foul Ball, location: 2F
0-1: Ball
1-1: Ball
2-1: Swinging Strike
2-2: Fly out, F8 (Flyball, 8RD, EV 98.8 MPH)
Batting: RHB Pavpv Ivanushkin 0-0: Ball
1-0: Called Strike
1-1: Foul Ball, location: 2F
1-2: Ball
2-2: Strikes out swinging
Top of the 4th over - 1 run, 1 hit, 0 errors, 0 left on base; St. Louis 1 - Philadelphia 0
BOTTOM OF THE 4TH
Philadelphia Phillies batting - Pitching for St. Louis Cardinals : LHP Nate Crow
Batting: LHB Nick Canizales 0-0: Ball
1-0: Ball
2-0: Fly out, F7 (Line Drive, 7, EV 110.6 MPH)
Batting: RHB Josh Froyd 0-0: Ball
1-0: Swinging Strike
1-1: Fly out, F8 (Flyball, 8RM, EV 83.8 MPH)
Batting: LHB Eric Katz 0-0: Ball
1-0: Called Strike
1-1: Ground out U3 (Groundball, 3S, EV 83.8 MPH)
Bottom of the 4th over - 0 runs, 0 hits, 0 errors, 0 left on base; St. Louis 1 - Philadelphia 0
TOP OF THE 5TH
St. Louis Cardinals batting - Pitching for Philadelphia Phillies : LHP Marko Emchenko
Batting: LHB Tom Butterbaugh 0-0: Ball
1-0: Ball
2-0: Ball
3-0: Called Strike
3-1: Foul Ball, location: 2F
3-2: Base on Balls
Batting: RHB Dustin Clark 0-0: Ball
1-0: Foul Ball, location: 2F
1-1: Ball
2-1: Called Strike
2-2: Foul Ball, location: 2F
2-2: Strikes out swinging
Batting: RHB Sergio Godinez 0-0: Ball
1-0: Foul Ball, location: 2F
1-1: Ball
2-1: Swinging Strike
2-2: Ball
3-2: Foul Ball, location: 2F
3-2: Strikes out swinging
Tom Butterbaugh steals 2nd base
Batter strikes out.
Batting: RHB Rick O'Reilly 0-0: Ball
1-0: Called Strike
1-1: SINGLE (Groundball, 6MS, EV 78.8 MPH) (infield hit)
Tom Butterbaugh to third
Batting: RHB Tenshou Takita 0-0: DOUBLE (Line Drive, 89M, EV 106.9 MPH)
Tom Butterbaugh scores
Rick O'Reilly to third
Batting: SHB Antoine Roux 0-0: Foul Ball, location: 2F
0-1: Ball
1-1: Ball
2-1: Ball
3-1: Base on Balls
Batting: RHB Eric Chotkowski 0-0: Ball
1-0: Foul Ball, location: 2F
1-1: Foul Ball, location: 2F
1-2: Ground out 4-3 (Groundball, 4, EV 105.0 MPH)
Top of the 5th over - 1 run, 2 hits, 0 errors, 3 left on base; St. Louis 2 - Philadelphia 0
BOTTOM OF THE 5TH
Philadelphia Phillies batting - Pitching for St. Louis Cardinals : LHP Nate Crow
Batting: RHB Melchor Sovrivilla 0-0: DOUBLE (Flyball, 89XD, EV 105.6 MPH)
Batting: LHB Alberto Figueroa 0-0: Ball
1-0: Called Strike
1-1: Ball
2-1: Foul Ball, location: 2F
2-2: Foul Ball, location: 2F
2-2: Foul Ball, location: 2F
2-2: Strikes out looking
Batting: RHB Quintin Parker 0-0: Ball
1-0: Ball
2-0: Swinging Strike
2-1: Swinging Strike
2-2: Ball
3-2: Strikes out swinging
Batting: RHB Raul de la Cruz 0-0: Ball
1-0: Ball
2-0: Called Strike
2-1: Foul Ball, location: 2F
2-2: Foul Ball, location: 2F
2-2: Strikes out looking
Bottom of the 5th over - 0 runs, 1 hit, 0 errors, 1 left on base; St. Louis 2 - Philadelphia 0
TOP OF THE 6TH
St. Louis Cardinals batting - Pitching for Philadelphia Phillies : LHP Marko Emchenko
Batting: SHB Hans Mikkelsen 0-0: Swinging Strike
0-1: Swinging Strike
0-2: Foul Ball, location: 2F
0-2: Strikes out swinging
Batting: RHB Pavpv Ivanushkin 0-0: Ball
1-0: Ball
2-0: Ground out 4-3 (Groundball, P, EV 82.5 MPH)
Batting: LHB Tom Butterbaugh 0-0: Ball
1-0: Ball
2-0: Called Strike
2-1: SINGLE (Groundball, 34D, EV 104.4 MPH)
Batting: RHB Dustin Clark 0-0: Called Strike
0-1: Ball
1-1: Foul Ball, location: 2F
1-2: Strikes out looking
Top of the 6th over - 0 runs, 1 hit, 0 errors, 1 left on base; St. Louis 2 - Philadelphia 0
BOTTOM OF THE 6TH
Philadelphia Phillies batting - Pitching for St. Louis Cardinals : LHP Nate Crow
Batting: RHB Matt Sanders 0-0: Called Strike
0-1: Ball
1-1: Foul Ball, location: 2F
1-2: Ground out 6-3 (Groundball, 6, EV 87.5 MPH)
Batting: SHB Billy Encinias 0-0: SINGLE (Groundball, 56D, EV 97.5 MPH)
Batting: LHB Nick Canizales 0-0: Swinging Strike
0-1: Ball
1-1: Fly out, F8 (Flyball, 8LD, EV 81.2 MPH)
Batting: RHB Josh Froyd 0-0: Foul Ball, location: 2F
0-1: Ball
1-1: Ball
2-1: Called Strike
2-2: Fly out, F8 (Flyball, 78D, EV 88.1 MPH)
Bottom of the 6th over - 0 runs, 1 hit, 0 errors, 1 left on base; St. Louis 2 - Philadelphia 0
TOP OF THE 7TH
St. Louis Cardinals batting - Pitching for Philadelphia Phillies : LHP Marko Emchenko
Pitching: LHP Lennart Hjelm
Batting: RHB Sergio Godinez 0-0: Ball
1-0: Swinging Strike
1-1: Ground out 5-3 (Groundball, 56S, EV 86.9 MPH)
Batting: RHB Rick O'Reilly 0-0: Ball
1-0: Called Strike
1-1: Ball
2-1: Ground out 6-3 (Groundball, 6, EV 101.9 MPH)
Batting: RHB Tenshou Takita 0-0: Ball
1-0: Swinging Strike
1-1: Ball
2-1: Ground out 6-3 (Groundball, 6, EV 83.8 MPH)
Top of the 7th over - 0 runs, 0 hits, 0 errors, 0 left on base; St. Louis 2 - Philadelphia 0
BOTTOM OF THE 7TH
Philadelphia Phillies batting - Pitching for St. Louis Cardinals : LHP Nate Crow
Batting: LHB Eric Katz 0-0: Ball
1-0: Fly out, F8 (Line Drive, 8RD, EV 97.5 MPH)
Batting: RHB Melchor Sovrivilla 0-0: Called Strike
0-1: Ball
1-1: Fly out, F8 (Flyball, 78D, EV 106.2 MPH)
Batting: LHB Alberto Figueroa 0-0: Ball
1-0: Called Strike
1-1: Fly out, F9 (Flyball, 9S, EV 79.4 MPH)
Bottom of the 7th over - 0 runs, 0 hits, 0 errors, 0 left on base; St. Louis 2 - Philadelphia 0
TOP OF THE 8TH
St. Louis Cardinals batting - Pitching for Philadelphia Phillies : LHP Lennart Hjelm
Batting: SHB Antoine Roux 0-0: Ball
1-0: Ball
2-0: Ground out 6-3 (Groundball, 6, EV 91.2 MPH)
Batting: RHB Eric Chotkowski 0-0: Called Strike
0-1: Ball
1-1: Ground out 3-1 (Groundball, 34, EV 83.1 MPH)
Batting: SHB Hans Mikkelsen 0-0: Ball
1-0: Ball
2-0: Called Strike
2-1: Ball
3-1: Called Strike
3-2: Base on Balls
Batting: RHB Pavpv Ivanushkin 0-0: Called Strike
0-1: Swinging Strike
0-2: Ball
1-2: Ground out 4-3 (Groundball, 4, EV 100.0 MPH)
Top of the 8th over - 0 runs, 0 hits, 0 errors, 1 left on base; St. Louis 2 - Philadelphia 0
BOTTOM OF THE 8TH
Philadelphia Phillies batting - Pitching for St. Louis Cardinals : LHP Nate Crow
Pitching: RHP Bryan Banana
Batting: RHB Quintin Parker 0-0: Called Strike
0-1: SINGLE (Groundball, 34D, EV 100.6 MPH)
Batting: LHB Jeff Luvisi 0-0: Ball
1-0: Fly out, F9 (Line Drive, 9, EV 91.9 MPH)
Pinch Hitting: LHB Ryan Trombley 0-0: Ball
1-0: Ball
2-0: Fly out, F7 (Flyball, 7, EV 88.1 MPH)
Batting: SHB Billy Encinias 0-0: Ground out 1-3 (Groundball, 34S, EV 64.4 MPH)
Bottom of the 8th over - 0 runs, 1 hit, 0 errors, 1 left on base; St. Louis 2 - Philadelphia 0
TOP OF THE 9TH
St. Louis Cardinals batting - Pitching for Philadelphia Phillies : LHP Lennart Hjelm
Now in CF: Ryan Trombley
Now in RF: Eric Katz
Batting: SHB Luke Robbins 0-0: Called Strike
0-1: Called Strike
0-2: Strikes out swinging
Batting: RHB Dustin Clark 0-0: Ball
1-0: Fly out, F8 (Flyball, 8RXD, EV 86.9 MPH)
Batting: RHB Sergio Godinez 0-0: Ball
1-0: Fly out, F8 (Flyball, 8RM, EV 97.5 MPH)
Top of the 9th over - 0 runs, 0 hits, 0 errors, 0 left on base; St. Louis 2 - Philadelphia 0
BOTTOM OF THE 9TH
Philadelphia Phillies batting - Pitching for St. Louis Cardinals : RHP Bryan Banana
Pitching: RHP Brent Garland
Batting: LHB Nick Canizales 0-0: Ball
1-0: SINGLE (Line Drive, 9LS, EV 92.5 MPH)
Batting: RHB Josh Froyd 0-0: Called Strike
0-1: Grounds into double play, 4-6-3 (Groundball, 4, EV 88.8 MPH)
Batting: LHB Eric Katz 0-0: Ball
1-0: Fly out, F8 (Flyball, 8LM, EV 85.0 MPH)
Bottom of the 9th over - 0 runs, 1 hit, 0 errors, 0 left on base; St. Louis 2 - Philadelphia 0
Wednesday, June 22nd , 2022 - OOTP Baseball 23.4 Build 64